 Dungeon Crawl Stone Soup version 0.30-a0-170-g85af917532 (webtiles) character file.

Game seed: 2624891558371394085

2488 qw the Cleaver (level 9, -1/57 HPs)
             Began as a Gargoyle Fighter on Sept 30, 2022.
             Was a Follower of Okawaru.
             Shot with an arrow by a centaur (8 damage)
             ... on level 6 of the Dungeon.
             The game lasted 00:02:53 (7156 turns).

qw the Cleaver (Gargoyle Fighter)                   Turns: 7156, Time: 00:02:53

Health: -1/57      AC: 23    Str: 27    XL:     9   Next: 52%
Magic:  11/12      EV: 10    Int:  9    God:    Okawaru [*.....]
Gold:   226        SH:  5    Dex:  8    Spells: 8/8 levels left

rFire   . . .      SeeInvis .    q - +2 war axe (venom)
rCold   . . .      Faith    .    c - +0 buckler
rNeg    + . .      Spirit   .    k - +0 chain mail
rPois   inf        Reflect  .    g - +1 helmet
rElec   +          Harm     .    (no cloak)
rCorr   .          Rampage  .    p - +0 pair of gloves
Will    .....                    j - +0 pair of boots
Stlth   ..........               (no amulet)
HPRegen 0.19/turn                (no ring)
MPRegen 0.13/turn                (no ring)

@: about to teleport, heroic
A: sickness immunity, AC +6, negative energy resistance 1, electricity
resistance, torment resistance 1, petrification resistance, high MP 1, strong 1
a: Renounce Religion, Heroism


You were on level 6 of the Dungeon.
You worshipped Okawaru.
Okawaru was aware of your devotion.
You visited 2 branches of the dungeon, and saw 7 of its levels.

You collected 226 gold pieces.


Innate Abilities, Weirdness & Mutations

You are immune to sickness and miasma.
Your stone body is resilient. (AC +6)
You are immune to poison.
You resist negative energy. (rN+)
You are resistant to electric shocks. (rElec)
You are resistant to unholy torment.
You are immune to petrification.
You have an increased reservoir of magic. (+10% MP)
Your muscles are strong. (Str +4, Int/Dex -1)


   Skills:
 - Level 7.0(12.0) Fighting
 + Level 9.1(14.1) Axes
 - Level 1.0(6.0) Throwing
 - Level 5.0(10.0) Armour
 - Level 1.4(6.4) Dodging
 - Level 4.0(9.0) Shields
 + Level 2.7 Invocations


You had 8 spell levels left.
You didn't know any spells.
Your spell library was empty.

Inventory:

Hand Weapons
 q - a +2 war axe of venom (weapon)
 Y - a +1 war axe of flaming
Armour
 c - a +0 buckler (worn)
 g - a +1 helmet (worn)
 j - a +0 pair of boots (worn)
 k - a +0 chain mail (worn)
 p - a +0 pair of gloves (worn)
 s - a +2 cloak
Scrolls
 a - 3 scrolls of teleportation
 i - a scroll of identify
 r - a scroll of enchant armour {unknown}
Potions
 b - a potion of lignification
 d - a potion of might
 e - a potion of degeneration {unknown}
 f - 2 potions of brilliance {unknown}
 h - a potion of attraction
 l - a potion of curing
 m - a potion of flight {unknown}
 n - 2 potions of mutation
 o - a potion of heal wounds {unknown}

Dungeon Overview and Level Annotations

Branches:
Dungeon (6/15)             Temple (1/1) D:5

Altars:
Ashenzari
Cheibriados
Dithmenos
Elyvilon
Fedhas
Gozag
Hepliaklqana
Kikubaaqudgha
Makhleb
Nemelex Xobeh
Okawaru
Qazlal
Sif Muna
Trog
Vehumet
Wu Jian
Xom
Yredelemnul
The Shining One

Annotations:
D:5 2 transporters, qw's ghost, novice GrFi


Message History

The centaur shoots an arrow.
The arrow hits you but does no damage.
The centaur shoots an arrow.
The arrow hits you but does no damage.
The centaur shoots an arrow.
The arrow hits you!
The centaur shoots an arrow.
You block the arrow.
7145 ||| INVOKING Heroism.
You gain the combat prowess of a mighty hero.
The centaur shoots an arrow.
The arrow hits you.
The centaur shoots an arrow.
The arrow completely misses you.
The centaur shoots an arrow.
You block the arrow.
The centaur shoots an arrow.
The arrow hits you but does no damage.
The centaur shoots an arrow.
You block the arrow.
The centaur shoots an arrow.
The arrow hits you!
The centaur shoots an arrow.
The arrow hits you but does no damage.
The centaur shoots an arrow.
The arrow hits you.
The centaur shoots an arrow.
The arrow barely misses you.
The centaur shoots an arrow.
The arrow hits you but does no damage.
The centaur shoots an arrow.
You block the arrow.
The centaur shoots an arrow.
The arrow hits you but does no damage.
The centaur shoots an arrow.
The arrow hits you but does no damage.
The centaur shoots an arrow.
The arrow hits you but does no damage.
The centaur shoots an arrow.
The arrow hits you.
The centaur shoots an arrow.
You block the arrow.
The centaur shoots an arrow.
The arrow hits you but does no damage.
The centaur shoots an arrow.
You block the arrow.
The centaur shoots an arrow.
The arrow hits you!
The centaur shoots an arrow.
The arrow hits you but does no damage.
7153 ||| READING 4 scrolls of teleportation.
As you read the scroll of teleportation, it crumbles to dust.
You feel strangely unstable.
The centaur shoots an arrow.
The arrow hits you but does no damage.
The centaur shoots an arrow.
You block the arrow.
The centaur shoots an arrow.
The arrow hits you but does no damage.
The centaur shoots an arrow.
The arrow barely misses you.
The centaur shoots an arrow.
The arrow hits you but does no damage.
The centaur shoots an arrow.
The arrow misses you.
The centaur shoots an arrow.
The arrow hits you but does no damage.
The centaur shoots an arrow.
The arrow hits you but does no damage.
The centaur shoots an arrow.
You block the arrow.
The centaur shoots an arrow.
The arrow hits you!
You die...

..~~~~~...~~~~~....#
..~~~~~...~~~~~.....
#.~~~~~...~~~~~..#..
#.~~~~~c~~~~~~~..##.
#.~~~~~~c~~~~~~##...
#~~~~~~~~~~~~~.....
#~~~~~~~~~~~~~#####
#~~~~~~~~~~~~~..###
##@..#.#.###.#.....
##......###.##....
#.......#...###>.
##.####.##...##..
#####...##..#...
#...##.......#
#..####.......
#...###..#....
##......###.#.


You could see 2 centaurs.

Vanquished Creatures
  Pikel (D:5)
  Grinder (D:3)
  A black bear (D:5)
  An ogre (D:5)
  2 lemures (D:5)
  2 bullfrogs (D:6)
  Blork the orc (D:6)
  2 necrophages
  2 scorpions (D:5)
  10 wights (D:6)
  2 hounds
  A jelly (D:6)
  An orc priest (D:5)
  A gnoll bouda (D:6)
  Ijyb (D:4)
  Natasha (thrice) (D:3)
  3 iguanas (D:4)
  An orc wizard (D:5)
  A mummy (D:5)
  Robin (D:3)
  16 gnolls
  7 adders
  A white imp (D:6)
  An ufetubus (D:5)
  5 dart slugs
  13 orcs
  13 ball pythons
  7 bats
  6 endoplasms
  5 giant cockroaches
  18 goblins
  10 hobgoblins
  4 jackals (D:1)
  8 kobolds
  4 quokkas
  4 frilled lizards
  A kobold zombie (D:5)
  3 orc zombies (D:5)
  6 rats
170 creatures vanquished.

Vanquished Creatures (others)
  11 plants (D:5)
11 creatures vanquished.

Grand Total: 181 creatures vanquished

Notes
Turn   | Place    | Note
-------+----------+-------------------------------------------
     0 | D:1      | qw the Gargoyle Fighter began the quest for the Orb.
     0 | D:1      | Reached XP level 1. HP: 14/14 MP: 1/1
     0 | D:1      | 0 ||| qw: Version: 0.2-a-12-gaebbb33
     0 | D:1      | 0 ||| qw: Game counter: 1449
     0 | D:1      | 0 ||| qw: Always use a shield: true
     0 | D:1      | 0 ||| qw: God list: Okawaru
     0 | D:1      | 0 ||| qw: Allow faded altars: false
     0 | D:1      | 0 ||| qw: Do Orc after D:15 true
     0 | D:1      | 0 ||| qw: Do second Lair branch before Depths: true
     0 | D:1      | 0 ||| qw: Lair rune preference: random
     0 | D:1      | 0 ||| qw: Plans: Normal, Zot:1-4, God:TSO, Crypt, Tomb,
                  | Pan, Slime:5, Hells, Abyss, Orb
     0 | D:1      | 0 ||| PLANNING D:1-11
    71 | D:1      | Reached skill level 2 in Axes
   106 | D:1      | Reached XP level 2. HP: 12/19 MP: 2/2
   526 | D:1      | Reached skill level 3 in Axes
   556 | D:1      | Reached XP level 3. HP: 20/23 MP: 3/3
   606 | D:1      | 606 ||| Stepping ~*~*~tactically~*~*~ (stealth).
   608 | D:1      | 608 ||| Stepping ~*~*~tactically~*~*~ (stealth).
   610 | D:1      | 610 ||| Stepping ~*~*~tactically~*~*~ (stealth).
   681 | D:1      | Reached skill level 1 in Throwing
   881 | D:1      | 881 ||| Stepping ~*~*~tactically~*~*~ (hiding).
  1012 | D:1      | 1012 ||| DROPPING +0 whip.
  1165 | D:1      | 1165 ||| Stepping ~*~*~tactically~*~*~ (hiding).
  1303 | D:1      | 1303 ||| UPGRADING to +1 helmet.
  1308 | D:1      | 1308 ||| READING 3 scrolls labelled RUFRAZ GUCYWO.
  1311 | D:1      | 1311 ||| READING scroll labelled INOPRA PI TYMM.
  1312 | D:1      | 1312 ||| READING scroll labelled QISOAN HOMEYNT.
  1313 | D:1      | 1313 ||| READING scroll labelled LARAROCAOT.
  1345 | D:2      | Reached XP level 4. HP: 28/28 MP: 4/4
  1526 | D:2      | 1526 ||| Stepping ~*~*~tactically~*~*~ (stealth).
  1529 | D:2      | 1529 ||| Stepping ~*~*~tactically~*~*~ (stealth).
  1547 | D:2      | 1547 ||| Stepping ~*~*~tactically~*~*~ (stealth).
  1549 | D:2      | 1549 ||| Stepping ~*~*~tactically~*~*~ (stealth).
  1558 | D:2      | 1558 ||| FLEEEEING.
  1559 | D:2      | 1559 ||| FLEEEEING.
  1560 | D:2      | 1560 ||| FLEEEEING.
  1561 | D:2      | 1561 ||| FLEEEEING.
  1562 | D:2      | 1562 ||| FLEEEEING.
  1563 | D:2      | 1563 ||| FLEEEEING.
  1565 | D:2      | 1565 ||| STAIRDANCE
  1692 | D:1      | 1692 ||| READING scroll labelled TYTTOPTAZXI.
  1793 | D:1      | 1793 ||| READING scroll labelled CIERES BIXE.
  1794 | D:1      | 1794 ||| DROPPING +2 mace of venom.
  1994 | D:2      | Reached skill level 4 in Axes
  2258 | D:2      | 2258 ||| Stepping ~*~*~tactically~*~*~ (stealth).
  2338 | D:2      | 2338 ||| Stepping ~*~*~tactically~*~*~ (hiding).
  2623 | D:2      | 2623 ||| READING scroll labelled FAUSOF UFOQE.
  2624 | D:2      | 2624 ||| READING scroll labelled ZOAHOG XACE.
  2625 | D:2      | 2625 ||| READING scroll labelled PAHOICUTTI.
  2626 | D:2      | 2626 ||| READING scroll labelled FOILYR ELIERGH.
  2627 | D:2      | 2627 ||| DRINKING 2 sapphire potions.
  2708 | D:3      | Reached XP level 5. HP: 32/32 MP: 5/5
  2726 | D:3      | Noticed Natasha
  2729 | D:3      | Killed Natasha
  2852 | D:3      | Noticed Grinder
  2860 | D:3      | Killed Grinder
  2861 | D:3      | Reached skill level 6 in Axes
  2861 | D:3      | Reached XP level 6. HP: 15/37 MP: 6/6
  2863 | D:3      | 2863 ||| FLEEEEING.
  2957 | D:3      | 2957 ||| FLEEEEING.
  2963 | D:3      | Noticed Natasha
  2968 | D:3      | Killed Natasha
  3128 | D:3      | 3128 ||| Stepping ~*~*~tactically~*~*~ (stealth).
  3130 | D:3      | 3130 ||| Stepping ~*~*~tactically~*~*~ (stealth).
  3189 | D:3      | Noticed Robin
  3193 | D:3      | Killed Robin
  3194 | D:3      | 3194 ||| FLEEEEING.
  3195 | D:3      | 3195 ||| FLEEEEING.
  3196 | D:3      | 3196 ||| FLEEEEING.
  3197 | D:3      | 3197 ||| FLEEEEING.
  3198 | D:3      | 3198 ||| FLEEEEING.
  3199 | D:3      | 3199 ||| FLEEEEING.
  3200 | D:3      | 3200 ||| FLEEEEING.
  3201 | D:3      | 3201 ||| FLEEEEING.
  3202 | D:3      | 3202 ||| FLEEEEING.
  3203 | D:3      | 3203 ||| FLEEEEING.
  3204 | D:3      | 3204 ||| FLEEEEING.
  3205 | D:3      | 3205 ||| FLEEEEING.
  3206 | D:3      | 3206 ||| FLEEEEING.
  3207 | D:3      | 3207 ||| FLEEEEING.
  3208 | D:3      | 3208 ||| FLEEEEING.
  3209 | D:3      | 3209 ||| FLEEEEING.
  3210 | D:3      | 3210 ||| FLEEEEING.
  3211 | D:3      | 3211 ||| FLEEEEING.
  3212 | D:3      | 3212 ||| FLEEEEING.
  3213 | D:3      | 3213 ||| FLEEEEING.
  3214 | D:3      | 3214 ||| FLEEEEING.
  3215 | D:3      | 3215 ||| FLEEEEING.
  3216 | D:3      | 3216 ||| FLEEEEING.
  3217 | D:3      | 3217 ||| FLEEEEING.
  3218 | D:3      | 3218 ||| FLEEEEING.
  3219 | D:3      | 3219 ||| FLEEEEING.
  3220 | D:3      | 3220 ||| FLEEEEING.
  3221 | D:3      | 3221 ||| FLEEEEING.
  3222 | D:3      | 3222 ||| FLEEEEING.
  3223 | D:3      | 3223 ||| FLEEEEING.
  3224 | D:3      | 3224 ||| FLEEEEING.
  3225 | D:3      | 3225 ||| FLEEEEING.
  3226 | D:3      | 3226 ||| FLEEEEING.
  3227 | D:3      | 3227 ||| FLEEEEING.
  3228 | D:3      | 3228 ||| FLEEEEING.
  3229 | D:3      | 3229 ||| FLEEEEING.
  3230 | D:3      | 3230 ||| FLEEEEING.
  3231 | D:3      | 3231 ||| FLEEEEING.
  3232 | D:3      | 3232 ||| FLEEEEING.
  3233 | D:3      | 3233 ||| FLEEEEING.
  3234 | D:3      | 3234 ||| FLEEEEING.
  3235 | D:3      | 3235 ||| FLEEEEING.
  3236 | D:3      | 3236 ||| FLEEEEING.
  3237 | D:3      | 3237 ||| FLEEEEING.
  3238 | D:3      | 3238 ||| FLEEEEING.
  3239 | D:3      | 3239 ||| FLEEEEING.
  3240 | D:3      | 3240 ||| STAIRDANCE
  3302 | D:2      | 3302 ||| UPGRADING to +0 pair of boots.
  3309 | D:3      | 3309 ||| STAIRDANCE
  3352 | D:3      | 3352 ||| STAIRDANCE
  3371 | D:3      | 3371 ||| Stepping ~*~*~tactically~*~*~ (hiding).
  3436 | D:3      | Reached skill level 1 in Dodging
  3436 | D:3      | Reached XP level 7. HP: 43/43 MP: 7/7
  3445 | D:3      | Noticed Natasha
  3449 | D:3      | Killed Natasha
  3452 | D:3      | 3452 ||| Stepping ~*~*~tactically~*~*~ (stealth).
  3453 | D:3      | 3453 ||| Stepping ~*~*~tactically~*~*~ (stealth).
  3454 | D:3      | 3454 ||| Stepping ~*~*~tactically~*~*~ (stealth).
  3473 | D:3      | 3473 ||| Stepping ~*~*~tactically~*~*~ (hiding).
  3546 | D:3      | 3546 ||| Stepping ~*~*~tactically~*~*~ (stealth).
  3547 | D:3      | 3547 ||| Stepping ~*~*~tactically~*~*~ (stealth).
  3562 | D:3      | 3562 ||| Stepping ~*~*~tactically~*~*~ (stealth).
  3563 | D:3      | 3563 ||| Stepping ~*~*~tactically~*~*~ (stealth).
  3597 | D:3      | 3597 ||| Stepping ~*~*~tactically~*~*~ (stealth).
  3602 | D:3      | 3602 ||| Stepping ~*~*~tactically~*~*~ (stealth).
  3609 | D:3      | 3609 ||| Stepping ~*~*~tactically~*~*~ (stealth).
  3610 | D:3      | 3610 ||| Stepping ~*~*~tactically~*~*~ (stealth).
  3655 | D:3      | 3655 ||| Stepping ~*~*~tactically~*~*~ (stealth).
  3660 | D:3      | 3660 ||| Stepping ~*~*~tactically~*~*~ (stealth).
  3671 | D:3      | 3671 ||| Stepping ~*~*~tactically~*~*~ (stealth).
  3672 | D:3      | 3672 ||| Stepping ~*~*~tactically~*~*~ (stealth).
  3900 | D:3      | 3900 ||| READING 2 scrolls labelled XEEXAA XEFEEDD.
  3901 | D:3      | 3901 ||| READING scroll labelled NAEPTASKUMOGG.
  3902 | D:3      | 3902 ||| DRINKING 2 glowing cyan potions.
  3903 | D:3      | 3903 ||| DROPPING scroll of noise.
  4010 | D:4      | 4010 ||| Stepping ~*~*~tactically~*~*~ (stealth).
  4013 | D:4      | 4013 ||| Stepping ~*~*~tactically~*~*~ (stealth).
  4166 | D:4      | Noticed Ijyb
  4167 | D:4      | 4167 ||| Stepping ~*~*~tactically~*~*~ (hiding).
  4175 | D:4      | Killed Ijyb
  4404 | D:4      | Reached skill level 7 in Axes
  4483 | D:4      | Identified the +7 trident of Agony {vorpal, Will+ Int+7}
  5066 | D:4      | 5066 ||| UPGRADING to +0 chain mail.
  5076 | D:4      | 5076 ||| DROPPING +0 scale mail.
  5077 | D:4      | 5077 ||| READING scroll labelled ULUCLO NOICEMI.
  5078 | D:4      | 5078 ||| DRINKING 3 amethyst potions.
  5078 | D:4      | Gained mutation: Your muscles are strong. (Str +4, Int/Dex
                  | -1) [potion of mutation]
  5078 | D:4      | Gained mutation: You have an increased reservoir of magic.
                  | (+10% MP) [potion of mutation]
  5102 | D:5      | Entered Level 5 of the Dungeon
  5237 | D:5      | Reached XP level 8. HP: 49/49 MP: 8/8
  5270 | D:5      | 5270 ||| Stepping ~*~*~tactically~*~*~ (stealth).
  5278 | D:5      | Noticed qw's ghost (novice GrFi)
  5300 | D:5      | Found a transporter.
  5306 | D:5      | Found a transporter.
  5348 | D:5      | 5348 ||| Stepping ~*~*~tactically~*~*~ (stealth).
  5364 | D:5      | 5364 ||| Stepping ~*~*~tactically~*~*~ (stealth).
  5366 | D:5      | Found a snail-covered altar of Cheibriados.
  5443 | D:5      | 5443 ||| Stepping ~*~*~tactically~*~*~ (stealth).
  5476 | D:5      | Noticed Pikel
  5492 | D:5      | Killed Pikel
  5493 | D:5      | Reached skill level 9 in Axes
  5637 | D:5      | Found a staircase to the Ecumenical Temple.
  5638 | D:5      | 5638 ||| PLANNING TEMPLE
  5638 | D:5      | 5638 ||| READING 2 scrolls of identify.
  5638 | D:5      | 5638 ||| IDENTIFYING golden potion
  5646 | Temple   | Entered the Ecumenical Temple
  5719 | Temple   | 5719 ||| PLANNING OKAWARU WORSHIP
  5779 | Temple   | Became a worshipper of Warmaster Okawaru
  5780 | Temple   | 5780 ||| PLANNING D:1-11
  5800 | D:5      | 5800 ||| Stepping ~*~*~tactically~*~*~ (hiding).
  5804 | D:5      | 5804 ||| Stepping ~*~*~tactically~*~*~ (hiding).
  5808 | D:5      | 5808 ||| FLEEEEING.
  5809 | D:5      | 5809 ||| FLEEEEING.
  5810 | D:5      | 5810 ||| FLEEEEING.
  5811 | D:5      | 5811 ||| FLEEEEING.
  5812 | D:5      | 5812 ||| FLEEEEING.
  5813 | D:5      | 5813 ||| FLEEEEING.
  5814 | D:5      | 5814 ||| FLEEEEING.
  5815 | D:5      | 5815 ||| FLEEEEING.
  5816 | D:5      | 5816 ||| FLEEEEING.
  5817 | D:5      | 5817 ||| FLEEEEING.
  5821 | D:5      | 5821 ||| FLEEEEING.
  5822 | D:5      | 5822 ||| FLEEEEING.
  5823 | D:5      | 5823 ||| FLEEEEING.
  5824 | D:5      | 5824 ||| FLEEEEING.
  5825 | D:5      | 5825 ||| FLEEEEING.
  5826 | D:5      | 5826 ||| FLEEEEING.
  5827 | D:5      | 5827 ||| FLEEEEING.
  5831 | D:5      | 5831 ||| FLEEEEING.
  5832 | D:5      | 5832 ||| FLEEEEING.
  5833 | D:5      | 5833 ||| FLEEEEING.
  5835 | D:5      | 5835 ||| FLEEEEING.
  5837 | D:5      | 5837 ||| FLEEEEING.
  5838 | D:5      | 5838 ||| FLEEEEING.
  5839 | D:5      | 5839 ||| FLEEEEING.
  5842 | D:5      | 5842 ||| FLEEEEING.
  5843 | D:5      | 5843 ||| FLEEEEING.
  5844 | D:5      | 5844 ||| FLEEEEING.
  5845 | D:5      | 5845 ||| FLEEEEING.
  5846 | D:5      | 5846 ||| FLEEEEING.
  5847 | D:5      | 5847 ||| FLEEEEING.
  5848 | D:5      | 5848 ||| FLEEEEING.
  5849 | D:5      | 5849 ||| FLEEEEING.
  5850 | D:5      | 5850 ||| FLEEEEING.
  5852 | D:5      | 5852 ||| FLEEEEING.
  5853 | D:5      | 5853 ||| FLEEEEING.
  5854 | D:5      | 5854 ||| FLEEEEING.
  5855 | D:5      | 5855 ||| FLEEEEING.
  5856 | D:5      | 5856 ||| STAIRDANCE
  5942 | D:5      | 5942 ||| Stepping ~*~*~tactically~*~*~ (hiding).
  6073 | D:5      | 6073 ||| Stepping ~*~*~tactically~*~*~ (stealth).
  6075 | D:5      | 6075 ||| Stepping ~*~*~tactically~*~*~ (stealth).
  6077 | D:5      | 6077 ||| Stepping ~*~*~tactically~*~*~ (stealth).
  6099 | D:5      | 6099 ||| Stepping ~*~*~tactically~*~*~ (hiding).
  6100 | D:5      | 6100 ||| Stepping ~*~*~tactically~*~*~ (hiding).
  6106 | D:5      | 6106 ||| DRINKING 2 potions of curing.
  6106 | D:5      | 6106 ||| (to cure confusion)
  6127 | D:5      | 6127 ||| SWAPPING to +2 war axe of venom.
  6268 | D:5      | 6268 ||| UPGRADING to +0 pair of gloves.
  6295 | D:6      | Reached XP level 9. HP: 46/54 MP: 9/9
  6303 | D:6      | Reached skill level 6 in Fighting
  6372 | D:6      | HP: 13/55 [wight/+0 spear (5)]
  6373 | D:6      | 6373 ||| READING 6 scrolls of teleportation.
  6376 | D:6      | 6376 ||| READING 5 scrolls of teleportation.
  6377 | D:6      | HP: 6/55 [wight/+0 spear (4)]
  6558 | D:6      | 6558 ||| FLEEEEING.
  6559 | D:6      | 6559 ||| FLEEEEING.
  6560 | D:6      | 6560 ||| FLEEEEING.
  6561 | D:6      | 6561 ||| FLEEEEING.
  6562 | D:6      | 6562 ||| FLEEEEING.
  6563 | D:6      | 6563 ||| FLEEEEING.
  6564 | D:6      | 6564 ||| STAIRDANCE
  6658 | D:6      | Reached * piety under Okawaru
  6736 | D:6      | 6736 ||| Stepping ~*~*~tactically~*~*~ (hiding).
  6737 | D:6      | 6737 ||| Stepping ~*~*~tactically~*~*~ (hiding).
  6738 | D:6      | 6738 ||| Stepping ~*~*~tactically~*~*~ (hiding).
  6740 | D:6      | 6740 ||| Stepping ~*~*~tactically~*~*~ (hiding).
  6743 | D:6      | 6743 ||| Stepping ~*~*~tactically~*~*~ (hiding).
  6745 | D:6      | 6745 ||| INVOKING Heroism.
  6746 | D:6      | 6746 ||| INVOKING Heroism.
  6787 | D:6      | 6787 ||| INVOKING Heroism.
  6795 | D:6      | Reached skill level 1 in Invocations
  6919 | D:6      | Noticed Blork the orc
  6920 | D:6      | 6920 ||| INVOKING Heroism.
  6928 | D:6      | Killed Blork the orc
  7145 | D:6      | 7145 ||| INVOKING Heroism.
  7152 | D:6      | HP: 6/57 [centaur/arrow (10)]
  7153 | D:6      | 7153 ||| READING 4 scrolls of teleportation.
  7156 | D:6      | Shot with an arrow by a centaur

Levels and vault maps discovered:
D:1:      shiori_shiawase, layout_basic
D:2:      layout_basic, minmay_small_reverse_x
D:3:      layout_basic, uniq_natasha, uniq_robin, uniq_grinder
D:4:      layout_cave_pods, uniq_ijyb
D:5:      layout_loops_ring, kennysheep_slug_shrine,
          minmay_temple_entry_gardened_gates, gammafunk_ghost_gnarly_gnolls,
          minmay_fountain_box, minmay_mini_ossuary, uniq_pikel
D:6:      nicolae_whirlpool, layout_cave_pools, uniq_blork_the_orc
Temple:   regret_index_temple_chain_breaker

Skill      XL: |  1  2  3  4  5  6  7  8  9 |
---------------+----------------------------+-----
Axes           | 2 3 4 6 7 9 |  9.1
Throwing       | 1 |  1.0
Fighting       | 4 5 7 |  7.0
Dodging        | 1 |  1.4
Armour         | 4 5 |  5.0
Shields        | 4 |  4.0
Invocations    | 2 |  2.7

Action                   |  1- 3 |  4- 6 |  7- 9 || total
-------------------------+-------+-------+-------++-------
Melee: War axe           |    66 |   126 |   251 ||   443
Throw: Javelin           |    21 |    16 |       ||    37
Invok: Heroism           |       |       |     4 ||     4
  Use: Scroll            |     4 |     6 |     7 ||    17
       Potion            |       |     1 |     3 ||     4
Armor: Scale mail        |    37 |    54 |    36 ||   127
       Chain mail        |       |       |   115 ||   115
Dodge: Dodged            |    30 |    49 |   109 ||   188
Block: Buckler           |    15 |    25 |    56 ||    96

Table legend:
 A = Non-vault XP
 B = Vault XP
 C = Vault XP percentage of total XP
 D = Non-vault monster count
 E = Vault monster count
 F = Vault count percentage of total count
                 A         B        C        D         E       F
            +---------+---------+-------+---------+---------+-------
      Total |    2397 |    1158 |  32.6 |     140 |      28 |  16.7
            +---------+---------+-------+---------+---------+-------
        D:1 |      71 |       0 |   0.0 |      32 |       0 |   0.0
        D:2 |      80 |      11 |  12.1 |      25 |       6 |  19.4
        D:3 |     261 |     348 |  57.1 |      27 |      13 |  32.5
        D:4 |     259 |      36 |  12.2 |      12 |       1 |   7.7
        D:5 |     552 |     667 |  54.7 |      15 |       7 |  31.8
        D:6 |    1174 |      96 |   7.6 |      29 |       1 |   3.3
            +---------+---------+-------+---------+---------+-------
